 Dungeon Crawl Stone Soup version 0.32-a0-329-ge6c31236d6 (webtiles) character file.

Game seed: 6586071960891565776

2625 AlmostDecent the Cleaver (level 9, -2/75 HPs)
             Began as a Mountain Dwarf Fighter on Feb 16, 2024.
             Was a Believer of Trog.
             Slain by an orc warrior
             ... wielding a +0 great sword
              (9 damage)
             ... on level 6 of the Dungeon.
             The game lasted 00:16:27 (6517 turns).

AlmostDecent the Cleaver (Mountain Dwarf Fighter)   Turns: 6517, Time: 00:16:27

Health: -2/75      AC: 11    Str: 23    XL:     9   Next: 34%
Magic:  9/9        EV: 10    Int:  9    God:    Trog [**....]
Gold:   468        SH:  5    Dex: 13    Spells: 8/8 levels left

rFire   + . .        a - +1 war axe
rCold   . . .        c - +0 buckler
rNeg    + . .        x - +1 scale mail {rN+}
rPois   .            d - +1 helmet {SInv}
rElec   .            (no cloak)
rCorr   .            (no gloves)
SInv    +            (no boots)
Will    +++..        (no amulet) Stlth
                     k - +6 ring of dexterity
HPRegen 1.32/turn    y - ring of protection from fire
MPRegen 0.11/turn

%: no passive effects
@: strong-willed, on berserk cooldown, regenerating, slowed, very slow
A: runic magic, artefact enchanting, clumsy 1, strong-willed 1
a: Renounce Religion, Berserk, Trog's Hand


You were on level 6 of the Dungeon.
You worshipped Trog.
Trog was pleased with you.
You visited 1 branch of the dungeon, and saw 6 of its levels.
You also visited: Sewer.

You collected 468 gold pieces.

Inventory:

Hand Weapons
 a - a +1 war axe (weapon)
 g - a +0 spear of pain
 C - the +7 trident "Cenoluf" {holy, ^Contam *Corrode +Blink rF+++}
   (You found it on level 6 of the Dungeon)

   rF+++:     It renders you almost immune to fire.
   +Blink:    It lets you blink.
   ^Contam:   It causes magical contamination when unequipped.
   *Corrode:  It may corrode you when you take damage.
Missiles
 h - a throwing net (quivered)
Armour
 b - a +0 scale mail
 c - a +0 buckler (worn)
 d - a +1 helmet of see invisible (worn)
 x - a +1 scale mail of positive energy (worn)
Jewellery
 k - a +6 ring of dexterity (left hand)
 o - a +6 ring of intelligence
 w - a ring of magical power
 y - a ring of protection from fire (right hand)
Wands
 u - a wand of polymorph (4)
Scrolls
 f - a scroll of teleportation
 i - 2 scrolls of vulnerability
 j - a scroll of poison
 l - a scroll of acquirement {unknown}
 m - a scroll of torment
 n - a scroll of amnesia
 s - a scroll of revelation
 A - a scroll of silence
Potions
 e - 4 potions of brilliance
 p - a potion of mutation
 q - a potion of haste
 r - a potion of lignification
 t - a potion of invisibility
 v - a potion of resistance {unknown}
 z - a potion of ambrosia


   Skills:
 + Level 5.9 Fighting
 * Level 11.7 Axes
 + Level 6.3 Armour
 + Level 1.9 Dodging
 + Level 1.0 Stealth
 + Level 5.1 Shields


You had 8 spell levels left.
You didn't know any spells.
Your spell library contained the following spells:

 Spells                   Type           Power      Damage    Failure   Level
 Frozen Ramparts          Ice            0%         1d1       87%         3
 Gell's Gravitas          Tloc           0%         N/A       87%         3
 Stone Arrow              Conj/Erth      0%         3d7       87%         3
 Teleport Other           Tloc           0%         N/A       87%         3
 Animate Armour           Summ/Erth      0%         N/A       99%         4
 Leda's Liquefaction      Alch/Erth      0%         N/A       99%         4
 Petrify                  Alch/Erth      0%         N/A       99%         4
 Metabolic Englaciation   Hex/Ice        0%         N/A       100%        5
 Dispersal                Tloc           0%         N/A       100%        6
 Lehudib's Crystal Spear  Conj/Erth      0%         10d2      100%        8


Dungeon Overview and Level Annotations

Branches:
Dungeon (6/15)              Sewer (visited)
 Temple: D:4-7

Altars:
Elyvilon
Qazlal
Trog
Uskayaw
Zin
The Shining One
Beogh

Shops:
D:1 =   D:2 :


Innate Abilities, Weirdness & Mutations

Your spellcasting is much less encumbered by armour.
You can use scrolls of enchantment on lesser artefacts.
You are clumsy. (Dex -2)
You are strong-willed. (Will+)


Message History

The orc warrior is heavily wounded.
The orc warrior hits you with a +0 great sword!
The orc warrior hits you with a +0 great sword.
You are too injured to fight recklessly!
You are too injured to fight recklessly!
You are too injured to fight recklessly!
You are too injured to fight recklessly!
You are too injured to fight recklessly!
You are too injured to fight recklessly!
You are too injured to fight recklessly!
You are too injured to fight recklessly!
You are too injured to fight recklessly!
You are too injured to fight recklessly!
You are too injured to fight recklessly!
You are too injured to fight recklessly!
You are too injured to fight recklessly!
You are too injured to fight recklessly!
You are too injured to fight recklessly!
You are too injured to fight recklessly!
You are too injured to fight recklessly!
You hit the orc warrior but do no damage.
The orc warrior is heavily wounded.
The orc warrior hits you with a +0 great sword!
You hit the orc warrior.
The orc warrior is severely wounded.
The orc warrior closely misses you.
You closely miss the orc warrior.
The orc warrior is severely wounded.
The orc warrior hits you with a +0 great sword!
* * * LOW HITPOINT WARNING * * *
You block the orc warrior's attack.
You feel much better.
The orc warrior hits you with a +0 great sword!
* * * LOW HITPOINT WARNING * * *
Your skin crawls.
You feel strong-willed.
The orc warrior hits you with a +0 great sword!
* * * LOW HITPOINT WARNING * * *
The orc warrior hits you with a +0 great sword!
You die...

###########
########.........##
#........)........#
#ß.......o@....ß#.#
#######'')#######.#
#.............##.#
#....#####....##.#
#.###.....###.##.#
#.#ß#..ßo.#ß#.##.#
#,............##.#
*ß,...._[)...ß##.#
*#######*******#.#


You could see an orc warrior.

Vanquished Creatures
  The ghost of CougarLife the Digger, a novice GrEE of Vehumet (D:6)
  Menkaure (D:6)
  A water moccasin (D:5)
  2 black bears
  2 orc warriors (D:6)
  2 ogres
  2 brain worms (Sewer)
  4 scorpions
  A howler monkey (D:3)
  A jelly (D:5)
  4 bombardier beetles
  3 orc priests
  A sleepcap (D:6)
  A gnoll bouda (D:4)
  4 hounds (D:5)
  3 iguanas
  4 orc wizards
  Ijyb (D:3)
  Robin (D:3)
  8 adders
  15 gnolls
  5 river rats (Sewer)
  A ribbon worm (D:4)
  A dart slug (D:4)
  19 orcs
  11 ball pythons
  6 endoplasms
  6 giant cockroaches
  11 goblins
  14 hobgoblins
  2 quokkas
  3 bats
  7 frilled lizards
  11 kobolds
  12 rats
171 creatures vanquished.

Notes
Turn   | Place    | Note
-------+----------+-------------------------------------------
     0 | D:1      | AlmostDecent the Mountain Dwarf Fighter began the quest for
                  | the Orb.
     0 | D:1      | Reached XP level 1. HP: 19/19 MP: 1/1
    57 | D:1      | Reached XP level 2. HP: 20/26 MP: 2/2
   114 | D:1      | Reached XP level 3. HP: 33/33 MP: 3/3
   176 | D:1      | Found Kisoilir's Jewellery Shop.
   684 | D:2      | Reached skill level 3 in Axes
   712 | D:2      | Found Hafoc's Book Shoppe.
   721 | D:2      | Reached XP level 4. HP: 40/40 MP: 4/4
  1308 | D:3      | Noticed Ijyb
  1308 | D:3      | Noticed Robin
  1316 | D:3      | Killed Ijyb
  1317 | D:3      | Reached skill level 4 in Axes
  1317 | D:3      | Reached XP level 5. HP: 37/46 MP: 5/5
  1320 | D:3      | Killed Robin
  1497 | D:3      | Reached skill level 5 in Axes
  1731 | D:3      | Noticed an ogre
  1738 | D:3      | Killed an ogre
  1739 | D:3      | Reached skill level 6 in Axes
  1739 | D:3      | Reached XP level 6. HP: 11/52 MP: 6/6
  1910 | D:3      | Found a bloodstained altar of Trog.
  1915 | D:3      | Became a worshipper of Trog the Wrathful
  2895 | D:4      | Found a white marble altar of Elyvilon.
  2895 | D:4      | Found a glowing golden altar of the Shining One.
  3104 | D:4      | Found a glowing silver altar of Zin.
  3145 | D:4      | Reached XP level 7. HP: 42/60 MP: 7/7
  3220 | D:4      | Reached skill level 7 in Axes
  3248 | D:4      | Gained mutation: You are clumsy. (Dex -2) [potion of
                  | mutation]
  3248 | D:4      | Gained mutation: You are strong-willed. (Will+) [potion of
                  | mutation]
  3272 | D:4      | Reached * piety under Trog
  3597 | D:5      | Entered Level 5 of the Dungeon
  3655 | D:5      | Reached skill level 8 in Axes
  3655 | D:5      | Reached skill level 1 in Dodging
  3797 | D:5      | Identified the +1 short sword "Loelisa" {protect, rC+}
  3814 | D:5      | Found a stormy altar of Qazlal.
  3939 | D:5      | Found a hide-covered altar of Uskayaw.
  4095 | D:5      | Reached skill level 9 in Axes
  4095 | D:5      | Reached skill level 5 in Armour
  4095 | D:5      | Reached XP level 8. HP: 10/67 MP: 8/8
  4614 | D:5      | Reached skill level 5 in Fighting
  5118 | D:6      | Reached skill level 10 in Axes
  5228 | D:6      | Found a glowing drain.
  5244 | Sewer    | Entered a sewer
  5274 | Sewer    | Reached ** piety under Trog
  5682 | D:6      | Noticed Menkaure
  5697 | D:6      | Killed Menkaure
  5698 | D:6      | Reached skill level 11 in Axes
  5698 | D:6      | Reached XP level 9. HP: 24/74 MP: 9/9
  5922 | D:6      | Identified the +7 trident "Cenoluf" {holy, ^Contam *Corrode
                  | +Blink rF+++}
  6150 | D:6      | Found a runed translucent gate.
  6150 | D:6      | Noticed CougarLife's ghost (novice GrEE)
  6152 | D:6      | Found a runed translucent gate.
  6153 | D:6      | Found a runed translucent gate.
  6154 | D:6      | Identified the +0 chain mail of Lugonu's Fury {rElec rF++
                  | rC- rCorr}
  6212 | D:6      | Reached skill level 5 in Shields
  6482 | D:6      | Found a roughly hewn altar of Beogh.
  6504 | D:6      | Killed CougarLife's ghost
  6505 | D:6      | Reached skill level 1 in Stealth
  6517 | D:6      | Slain by an orc warrior

Illustrated notes

Levels and vault maps discovered:
D:1:      mushboom_english_gardens, layout_basic, serial_shops, shop,
          minmay_hexomino_f4
D:2:      layout_loops_ring, serial_shops, nicolae_book_shop_shelving
D:3:      layout_loops_ring, mainiacjoe_overflow_alcove_2, nicolae_goblin_pals
D:4:      layout_cave_pods, good_gods_mini_temple,
          hangedman_abyss_or_decor_slice
D:5:      layout_basic, lemuel_round_altar,
          nicolae_uskayaw_murder_on_the_dancefloor,
          chequers_serial_rivers_small_a
D:6:      layout_rooms, portal_sewer_entry_d, biasface_ghost_orc_armoury,
          uniq_menkaure

Skill      XL: |  1  2  3  4  5  6  7  8  9 |
---------------+----------------------------+-----
Fighting       | 4 5 |  5.9
Shields        | 4 5 |  5.1
Axes           | 3 4 6 9 11 | 11.7
Armour         | 4 5 6 |  6.3
Dodging        | 1 |  1.9
Stealth        | 1 |  1.0

Action                     |  1- 3 |  4- 6 |  7- 9 || total
---------------------------+-------+-------+-------++-------
  Melee: War axe           |    64 |   143 |   280 ||   487
 Invoke: Trog's Hand       |       |       |     2 ||     2
         Berserk           |       |       |     1 ||     1
    Use: Potion            |       |     1 |    12 ||    13
         Scroll            |       |       |     9 ||     9
   Stab: Invisible         |       |       |     3 ||     3
 Armour: Scale mail        |    42 |   101 |   229 ||   372
         Skin              |       |       |    30 ||    30
  Dodge: Dodged            |    26 |    49 |   134 ||   209
  Block: Buckler           |    19 |    44 |    62 ||   125

Table legend: (Time is in decaauts)
 A = Elapsed time spent in this place.
 B = Non-inter-level travel time spent in this place.
 C = Inter-level travel time spent in this place.
 D = Time resting spent in this place.
 E = Time spent auto-exploring this place.
 F = Levels seen in this place.
 G = Mean time per level.
                   A        B        C        D        E       F      G
               +--------+--------+--------+--------+--------+-----+--------+
         Total |   6619 |   6475 |    144 |      0 |   5356 |   7 |  945.6 |
       Dungeon |   6176 |   6032 |    144 |      0 |   5075 |   6 | 1029.3 |
         Sewer |    443 |    443 |      0 |      0 |    281 |   1 |  443.0 |
               +--------+--------+--------+--------+--------+-----+--------+

Top non-repeatable levels by time:
     D:5: 1448 daAuts
     D:4: 1259 daAuts
     D:6: 1081 daAuts
     D:3: 1047 daAuts
     D:2: 676 daAuts
     D:1: 661 daAuts
   Sewer: 443 daAuts
